 Dungeon Crawl Stone Soup version 0.21.1-1-g345015fe64 (webtiles) character file.

472 Ivernyr the Covered (level 6, 0/48 HPs)
             Began as a Demonspawn Skald on Apr 27, 2018.
             Slain by an iguana (5 damage)
             ... on level 5 of the Dungeon.
             The game lasted 00:15:36 (5278 turns).

Ivernyr the Covered (Demonspawn Skald)              Turns: 5278, Time: 00:15:36

Health: 0/48       AC: 10    Str: 11    XL:     6   Next: 83%
Magic:  4/9        EV: 12    Int: 14    God:
Gold:   231        SH:  0    Dex: 15    Spells: 4/9 levels left

rFire    + . .     SeeInvis .   a - +0 falchion
rCold    + . .     Gourm    .   (no shield)
rNeg     . . .     Faith    .   b - +0 leather armour
rPois    .         Spirit   .   (helmet restricted)
rElec    .         Reflect  .   (no cloak)
rCorr    .         Harm     .   h - +0 pair of gloves
MR       .....                  (no boots)
Stlth    +.........             (no amulet)
HPRegen  0.16/turn              l - ring of protection from cold
MPRegen  0.11/turn              (no ring)

@: sanguine armour
A: horns 1, fire resistance 1, sanguine armour 1
a: no special abilities


You were on level 5 of the Dungeon.
You were not hungry.

You visited 1 branch of the dungeon, and saw 5 of its levels.

You collected 231 gold pieces.

Inventory:

Hand Weapons
 a - a +0 falchion (weapon)
Missiles
 p - 7 steel tomahawks (quivered)
Armour
 b - a +0 leather armour (worn)
 h - a +0 pair of gloves (worn)
Jewellery
 l - a ring of protection from cold (left hand)
Wands
 v - a wand of acid (3)
Scrolls
 f - 3 scrolls of remove curse {unknown}
 g - a scroll of blinking {unknown}
 j - 4 scrolls of identify {unknown}
 k - a scroll of teleportation {unknown}
 m - 2 scrolls of amnesia {unknown}
 n - 2 scrolls of enchant weapon {unknown}
 o - 2 scrolls of fog {unknown}
 q - a scroll of random uselessness {unknown}
Potions
 e - a potion of invisibility {unknown}
 i - 2 potions of curing {unknown}
 r - a potion of lignification {unknown}
 s - a potion of flight {unknown}
 t - a potion of agility {unknown}
 u - a potion of berserk rage {unknown}
 w - a potion of might {unknown}
Books
 c - a book of Battle

   Spells                             Type                      Level
   a - Infusion                       Charms                       1
   b - Shroud of Golubria             Charms/Translocation         2
   c - Song of Slaying                Charms                       2
   d - Spectral Weapon                Hexes/Charms                 3
   e - Regeneration                   Charms/Necromancy            3
Comestibles
 d - 9 rations
 x - a chunk of flesh


   Skills:
 + Level 3.6 Fighting
 + Level 3.3 Long Blades
 * Level 4.1 Armour
 - Level 1.7 Dodging
 - Level 2.0 Spellcasting
 + Level 4.0 Charms


You had 4 spell levels left.
You knew the following spells:

 Your Spells              Type           Power        Failure   Level  Hunger
a - Shroud of Golubria    Chrm/Tloc      #.........   21%         2    ###....
b - Song of Slaying       Chrm           ##......     9%          2    ###....
c - Infusion              Chrm           ##..         6%          1    ##.....


Dungeon Overview and Level Annotations

Branches:
Dungeon (5/15)
 Temple: D:4-7

Altars:
Ru

Annotations:
D:3 sabser's ghost, amateur SpAs
D:5 Edmund


Innate Abilities, Weirdness & Mutations

You have a pair of small horns on your head.
Your flesh is heat resistant. (rF+)
When seriously injured, your bleeding wounds create armour. (AC +6)


Message History

You closely miss the iguana.
The iguana is lightly wounded.
The iguana closely misses you.
You hit the iguana.
The iguana is heavily wounded.
The iguana bites you!
* * * LOW HITPOINT WARNING * * *
You hit the iguana. You headbutt the iguana.
The iguana is almost dead.
The iguana bites you.
* * * LOW HITPOINT WARNING * * *
Your shroud falls apart!
You hit the iguana but do no damage.
The iguana is almost dead.
The iguana misses you.
You hit the iguana but do no damage.
The iguana is almost dead.
The iguana bites you but does no damage.
The iguana bites you.
You die...

###. ...(.
##############......
...........@l'......
.........#####......
...#####..# [.....##
##.# ........ #.#
....... #.## .......
#..######.....
###.#.[.....#
#...........#


You could see an iguana.

Vanquished Creatures
  2 hounds
  A bullfrog skeleton (D:5)
  2 orc priests (D:4)
  Natasha (thrice) (D:3)
  An orc wizard (D:3)
  2 worker ants
  A hound zombie (D:4)
  6 adders
  A shadow imp (D:2)
  A worm (D:2)
  A dart slug (D:2)
  3 leopard geckos
  14 orcs
  9 giant cockroaches
  4 goblins
  7 hobgoblins
  6 jackals (D:4)
  4 kobolds (D:2)
  3 quokkas
  A ball python (D:1)
  5 bats
  4 frilled lizards
  A jackal skeleton (D:3)
  A quokka zombie (D:5)
  3 rats
86 creatures vanquished.

Notes
Turn   | Place    | Note
-------+----------+-------------------------------------------
     0 | D:1      | Ivernyr the Demonspawn Skald began the quest for the Orb.
     0 | D:1      | Reached XP level 1. HP: 16/16 MP: 3/3
    18 | D:1      | Reached skill level 1 in Armour
   496 | D:1      | Gained mutation: You have a pair of small horns on your head. [demonic ancestry]
   496 | D:1      | Reached XP level 2. HP: 20/22 MP: 5/5
   617 | D:1      | Learned a level 2 spell: Song of Slaying
   620 | D:1      | Learned a level 2 spell: Shroud of Golubria
  1002 | D:2      | Gained mutation: Your flesh is heat resistant. (rF+) [demonic ancestry]
  1002 | D:2      | Reached XP level 3. HP: 27/28 MP: 3/6
  1539 | D:2      | Reached XP level 4. HP: 31/34 MP: 1/7
  2160 | D:3      | Noticed Natasha
  2172 | D:3      | Killed Natasha
  2307 | D:3      | Noticed sabser's ghost (amateur SpAs)
  2535 | D:3      | You fall through a shaft for 2 floors!
  2535 | D:5      | Entered Level 5 of the Dungeon
  2537 | D:5      | Noticed Edmund
  2741 | D:3      | Noticed Natasha
  2753 | D:3      | Gained mutation: When seriously injured, your bleeding wounds create armour. (AC +6) [demonic ancestry]
  2753 | D:3      | Reached XP level 5. HP: 40/40 MP: 0/8
  2769 | D:3      | Killed Natasha
  3046 | D:3      | Found a sacrificial altar of Ru.
  3267 | D:3      | Noticed Natasha
  3276 | D:3      | Killed Natasha
  4016 | D:4      | Reached XP level 6. HP: 17/47 MP: 5/9
  5278 | D:5      | Slain by an iguana

Skill      XL: |  1  2  3  4  5  6 |
---------------+-------------------+-----
Armour         | 1 2 3 4 |  4.1
Long Blades    | 2 3 |  3.3
Charms         | 3 4 |  4.0
Fighting       | 3 |  3.6
Dodging        | |  1.7
Spellcasting   | |  2.0

Action                   |  1- 3 |  4- 6 || total
-------------------------+-------+-------++-------
Melee: Falchion          |    89 |   248 ||   337
       Headbutt          |     9 |    60 ||    69
 Cast: Shroud of Golubri |     3 |    21 ||    24
       Song of Slaying   |       |     5 ||     5
 Stab: Sleeping          |       |     1 ||     1
  Eat: Chunk             |     2 |    15 ||    17
Armor: Leather armour    |    29 |    74 ||   103
Dodge: Dodged            |    69 |   187 ||   256
       Rpst.: Falchion   |    21 |    63 ||    84
